 Dungeon Crawl Stone Soup version 0.21-a0-582-g1b93aee (webtiles) character file.

7945 sithsevirus the Fighter (level 11, 0/99 HPs)
             Began as a Black Draconian Berserker on Dec 19, 2017.
             Was a High Priest of Trog.
             Slain by Snorg (8 damage)
             ... on level 10 of the Dungeon.
             The game lasted 00:42:49 (9889 turns).

sithsevirus the Fighter (Black Draconian Berserker) Turns: 9889, Time: 00:42:50

Health: 0/99       AC: 12    Str: 19    XL:     11   Next: 3%
Magic:  14/14      EV: 12    Int:  8    God:    Trog [*****.]
Gold:   500        SH: 11    Dex: 14    Spells: 10/10 levels left

rFire    . . .     SeeInvis .   G - +10 trident of Imekewa {holy, +Fly Stlth+}
rCold    . . .     Gourm    .   R - +0 large shield
rNeg     . . .     Faith    .   (armour unavailable)
rPois    .         Spirit   .   (helmet restricted)
rElec    +         Reflect  .   A - +0 cloak
rCorr    .         Harm     .   f - +0 pair of gloves
MR       .....                  e - +2 pair of boots
Stlth    ++++......             (no amulet)
HPRegen  0.26/turn              (no ring)
MPRegen  0.14/turn              (no ring)

@: short of breath
A: breathe lightning, unfitting armour, electricity resistance, cold-blooded, AC
+7
a: Breathe Lightning, Berserk, Trog's Hand, Brothers in Arms, Burn Spellbooks,
Renounce Religion, Evoke Flight


You were on level 10 of the Dungeon.
You worshipped Trog.
Trog was extremely pleased with you.
You were not hungry.

You visited 1 branch of the dungeon, and saw 10 of its levels.
You also visited: Sewer.

You collected 500 gold pieces.

Inventory:

Hand Weapons
 a - a +0 hand axe
 c - a +2 dagger of venom
 g - a -1 dagger
 q - a +0 blowgun
 G - the +10 trident of Imekewa (weapon) {holy, +Fly Stlth+}
   (You found it on level 7 of the Dungeon)

   It has been blessed by the Shining One to cause great damage to the undead
   and demons.
   It lets you fly.
   It makes you more stealthy.
 H - a +2 dagger of venom
 J - a +0 blowgun
 O - a +1 scimitar of flaming
Missiles
 d - 348 stones (quivered)
 r - 86 poisoned needles
 w - 8 tomahawks
Armour
 e - a +2 pair of boots (worn)
 f - a +0 pair of gloves (worn)
 A - a +0 cloak (worn)
 R - a +0 large shield (worn)
Jewellery
 Q - an uncursed ring of protection from magic {unknown}
Wands
 I - a wand of enslavement (10)
 N - a wand of polymorph (26)
Scrolls
 j - 9 scrolls of teleportation
 l - a scroll of enchant weapon {unknown}
 m - 6 scrolls of amnesia {unknown}
 o - 3 scrolls of immolation {unknown}
 p - 11 scrolls of identify {unknown}
 u - 2 scrolls of enchant armour {unknown}
 y - 3 scrolls of remove curse
 z - a scroll of blinking {unknown}
 L - a scroll of fear {unknown}
 M - a scroll of magic mapping {unknown}
 P - a scroll of vulnerability {unknown}
Potions
 h - 3 potions of degeneration {unknown}
 i - 4 potions of heal wounds {unknown}
 k - 3 potions of mutation {unknown}
 n - 6 potions of curing {unknown}
 s - a potion of agility
 t - 3 potions of flight {unknown}
 v - a potion of resistance {unknown}
 B - 2 potions of invisibility {unknown}
 C - 2 potions of might {unknown}
 D - 2 potions of haste
 E - 2 potions of magic {unknown}
 F - 2 potions of lignification {unknown}
Books
 K - a book of Beasts

   Spells                             Type                      Level
   a - Summon Butterflies             Summoning                    1
   b - Call Canine Familiar           Summoning                    3
   c - Summon Ice Beast               Ice/Summoning                4
   d - Summon Mana Viper              Hexes/Summoning              5
   e - Summon Hydra                   Summoning                    7
   Trog disapproves of the use of such an item.
Comestibles
 b - 19 rations
 x - 2 chunks of flesh


   Skills:
 + Level 10.1 Fighting
 - Level 6.5(7.3) Axes
 + Level 4.7(7.4) Polearms
   Level 5.7(6.5) Staves
 + Level 8.4 Dodging
 + Level 4.7 Stealth
 + Level 4.6 Evocations


You had 10 spell levels left.
You didn't know any spells.

Dungeon Overview and Level Annotations

Branches:
Dungeon (10/15)            Temple (0/1) D:5            Lair (0/6) D:9
    Orc: D:9-12

Altars:
Dithmenos
Elyvilon
Kikubaaqudgha
Ru
The Shining One

Annotations:
D:10 Snorg


Innate Abilities, Weirdness & Mutations

You can breathe wild blasts of lightning.
Your glossy black scales are hard. (AC +7)
You cannot fit into any form of body armour.
You are resistant to electric shocks. (rElec)
You are cold-blooded and may be slowed by cold attacks.


Message History

You puncture Snorg!
Snorg is severely wounded.
Snorg goes berserk!
You puncture Snorg!
Snorg is severely wounded.
Snorg bites you!! Snorg claws you but does no damage.
You block Snorg's attack. x2
Snorg claws you!
* * * LOW HITPOINT WARNING * * *
Snorg claws you.
* * * LOW HITPOINT WARNING * * *
You breathe a wild blast of lightning!
You hear a mighty clap of thunder! x2
The bolt of lightning misses you.
You feel somewhat more hungry.
You hear a bellow! x2
Snorg bites you!
* * * LOW HITPOINT WARNING * * *
Snorg barely misses you. Snorg claws you.
* * * LOW HITPOINT WARNING * * *
Snorg bites you!
You die...

#.# ##. ##.....##
#.## .. ##...##
...# #. ##'##
#..# #.# #
###.####### #..#
.> .# #.........#
...# #.####.##.#
#.#..##.#.# ##.#
#......Z..#
#..(.## # ...#
#.!T## ##.....#.#
#### #.###@#
#....(...#.##
#.###....).......
#............#.##
#...#####....##.#
# #### #...>.....
###########


You could see Snorg (berserk) and a wyvern skeleton.

Vanquished Creatures
  A hydra (D:9)
  A two-headed ogre (D:9)
  Erica (D:9)
  Pikel (D:6)
  2 hippogriffs
  A water moccasin (D:8)
  Duvessa (D:6)
  2 slaves (D:6)
  2 orc warriors
  2 ice beasts
  3 black bears
  3 sky beasts
  3 phantoms
  3 ogres
  3 centaurs
  4 big kobolds
  4 bullfrogs
  Dowan (D:6)
  4 scorpions
  A water moccasin skeleton (D:6)
  9 killer bees
  7 wights
  3 crimson imps
  A hound (D:8)
  A quasit (Sewer)
  A bullfrog zombie (D:5)
  3 orc priests
  A bullfrog skeleton (D:5)
  4 jellies
  2 centaur skeletons
  An iguana (D:10)
  13 orc wizards
  3 worker ants
  2 big kobold zombies (Sewer)
  A hound zombie (D:7)
  A hound skeleton (D:10)
  A howler monkey zombie (D:6)
  A worker ant zombie (D:7)
  11 adders
  3 shadow imps (Sewer)
  2 ufetubi (Sewer)
  An adder skeleton (D:6)
  2 worms (D:2)
  2 dart slugs
  5 leopard geckos
  28 orcs
  A ball python (D:1)
  10 bats
  10 giant cockroaches
  4 goblins
  4 hobgoblins
  8 jackals
  33 kobolds
  5 quokkas
  2 frilled lizards
  A jackal skeleton (D:7)
  A leopard gecko skeleton (D:8)
  A quokka skeleton (D:4)
  8 rats
240 creatures vanquished.

Vanquished Creatures (others)
  Grinder (Sewer)
  A big kobold zombie (Sewer)
  An ooze (Sewer)
3 creatures vanquished.

Grand Total: 243 creatures vanquished

Notes
Turn   | Place    | Note
-------+----------+-------------------------------------------
     0 | D:1      | sithsevirus the Draconian Berserker began the quest for the Orb.
     0 | D:1      | Reached XP level 1. HP: 19/19 MP: 1/1
    48 | D:1      | Reached XP level 2. HP: 24/26 MP: 2/2
   653 | D:1      | Reached ** piety under Trog
   654 | D:1      | Reached XP level 3. HP: 31/31 MP: 3/3
  1311 | D:2      | Reached XP level 4. HP: 28/40 MP: 4/4
  1532 | D:2      | Reached skill level 4 in Fighting
  2052 | D:3      | Found a glowing drain.
  2056 | Sewer    | Entered a sewer
  2277 | Sewer    | Reached XP level 5. HP: 9/46 MP: 5/5
  2610 | Sewer    | Reached *** piety under Trog
  2630 | Sewer    | Found a burning altar of Makhleb.
  2660 | Sewer    | Reached skill level 5 in Axes
  2668 | Sewer    | Reached XP level 6. HP: 43/53 MP: 6/6
  2727 | Sewer    | Noticed Grinder
  2771 | Sewer    | Paralysed by Grinder for 3 turns
  2778 | Sewer    | Killed Grinder
  2778 | Sewer    | Reached skill level 5 in Fighting
  2778 | Sewer    | Your scales start taking on a glossy black colour.
  2778 | Sewer    | Reached XP level 7. HP: 54/61 MP: 7/7
  2778 | Sewer    | Gained mutation: You are resistant to electric shocks. (rElec) [Black Draconian growth]
  3966 | D:4      | Got an encrusted quarterstaff
  3967 | D:4      | Identified the +5 quarterstaff "Qofip" {freeze, Int+6 Dex+2} (You found it on level 4 of the Dungeon)
  4155 | D:4      | Found a glowing golden altar of the Shining One.
  4250 | D:5      | Entered Level 5 of the Dungeon
  4334 | D:5      | Reached skill level 1 in Staves
  4397 | D:5      | Found a staircase to the Ecumenical Temple.
  4422 | D:5      | Reached skill level 6 in Fighting
  4422 | D:5      | Reached skill level 5 in Dodging
  4476 | D:5      | Found a white marble altar of Elyvilon.
  4540 | D:5      | Reached XP level 8. HP: 68/70 MP: 8/8
  5012 | D:5      | Found a shadowy altar of Dithmenos.
  5284 | D:6      | Reached **** piety under Trog
  5318 | D:6      | Noticed Duvessa
  5324 | D:6      | Killed Duvessa
  5324 | D:6      | Reached skill level 7 in Fighting
  5325 | D:6      | Noticed Dowan
  5334 | D:6      | Killed Dowan
  5521 | D:6      | Noticed Pikel
  5547 | D:6      | Killed Pikel
  5547 | D:6      | Reached XP level 9. HP: 62/81 MP: 9/9
  6086 | D:6      | Reached skill level 8 in Fighting
  6086 | D:6      | Reached skill level 5 in Staves
  6563 | D:7      | Found an ancient bone altar of Kikubaaqudgha.
  6971 | D:7      | Got an encrusted trident
  6974 | D:7      | Identified the +10 trident of Imekewa {holy, +Fly Stlth+} (You found it on level 7 of the Dungeon)
  7031 | D:8      | Reached skill level 1 in Stealth
  7033 | D:8      | Reached skill level 1 in Polearms
  7033 | D:8      | Reached skill level 1 in Evocations
  7294 | D:8      | Reached skill level 9 in Fighting
  7634 | D:8      | Found a sacrificial altar of Ru.
  7708 | D:8      | Reached XP level 10. HP: 90/91 MP: 11/11
  7802 | D:9      | Noticed Erica
  7802 | D:9      | Noticed an eight-headed hydra
  8012 | D:9      | HP: 4/136 [eight-headed hydra (4)]
  8014 | D:9      | Killed an eight-headed hydra
  8638 | D:9      | Killed Erica
  8896 | D:9      | Found a staircase to the Lair.
  8983 | D:9      | Reached ***** piety under Trog
  9104 | D:9      | Noticed a two-headed ogre
  9117 | D:9      | Killed a two-headed ogre
  9369 | D:10     | Entered Level 10 of the Dungeon
  9460 | D:10     | Reached skill level 10 in Fighting
  9771 | D:10     | Reached XP level 11. HP: 99/99 MP: 14/14
  9878 | D:10     | Noticed Snorg
  9889 | D:10     | Slain by Snorg

Vault maps used:
D:1:      minmay_arrival_five_plusses
D:2:      minmay_misc_feat_rows, minmay_stone_trees_small
D:3:      gup_sewer_entry_bowl, first_ration, patterned_corridor
D:4:      tso_altar
D:5:      nicolae_dithmenos_through_a_glass_darkly,
          minmay_temple_entry_junction, elyvilon_altar_4
D:6:      uniq_duvessa, uniq_pikel
D:7:      basic_altar, serial_glass, glass_columns_b, glass_columns_c,
          due_unseen_surprise, item_on_display_a
D:8:      nicolae_ru_the_path_less_chosen
D:9:      dpeg_oklobed_lair, uniq_erica
D:10:     erik_cavepeople, uniq_snorg
Sewer:    kennysheep_sewer_church

Skill      XL: |  1  2  3  4  5  6  7  8  9 10 |
---------------+-------------------------------+-----
Dodging        | 3 4 5 6 7 8 |  8.4
Axes           | 4 5 6 |  6.5
Fighting       | 4 5 6 7 9 10 | 10.1
Staves         | 2 4 5 |  5.7
Stealth        | 2 4 |  4.7
Polearms       | 2 4 |  4.7
Evocations     | 2 4 |  4.6

Action                   |  1- 3 |  4- 6 |  7- 9 | 10-12 || total
-------------------------+-------+-------+-------+-------++-------
Melee: Hand axe          |   127 |   177 |    63 |       ||   367
       Tailslap          |    12 |    23 |    47 |    26 ||   108
       Unarmed           |       |    21 |     9 |       ||    30
       Quarterstaff      |       |       |   204 |       ||   204
       Trident           |       |       |    67 |   174 ||   241
Throw: Stone             |     9 |     4 |     4 |       ||    17
Invok: Berserk           |     1 |     2 |     1 |     2 ||     6
       Trog's Hand       |       |       |     4 |     4 ||     8
 Abil: Breathe Lightning |       |       |    10 |     4 ||    14
  Use: Scroll            |       |       |     4 |       ||     4
 Stab: Sleeping          |     1 |     1 |     1 |     5 ||     8
       Distracted        |       |       |       |     1 ||     1
  Eat: Chunk             |     3 |     3 |    20 |     4 ||    30
       Ration            |       |     1 |       |     2 ||     3
Armor: Skin              |    54 |    84 |   103 |    50 ||   291
Dodge: Dodged            |    99 |   149 |   251 |   134 ||   633
Block: Large shield      |       |       |       |    17 ||    17

Table legend:
 A = Spawn XP
 B = Non-spawn XP
 C = Spawn XP percentage of total XP
 D = Spawn monster count
 E = Non-spawn monster count
 F = Spawn count percentage of total count
 G = Total turns spent on level
                    A         B        C        D         E        F      G
               +---------+---------+-------+---------+---------+-------+---------
         Total |       0 |   11350 |   0.0 |       0 |     240 |   0.0 |  9889
               +---------+---------+-------+---------+---------+-------+---------
           D:1 |       0 |      45 |   0.0 |       0 |      26 |   0.0 |   877
           D:2 |       0 |      84 |   0.0 |       0 |      19 |   0.0 |  1092
           D:3 |       0 |     111 |   0.0 |       0 |      11 |   0.0 |   791
           D:4 |       0 |     148 |   0.0 |       0 |       7 |   0.0 |   635
           D:5 |       0 |     740 |   0.0 |       0 |      15 |   0.0 |   853
           D:6 |       0 |    1575 |   0.0 |       0 |      20 |   0.0 |  1361
           D:7 |       0 |     717 |   0.0 |       0 |      26 |   0.0 |   535
           D:8 |       0 |    1524 |   0.0 |       0 |      29 |   0.0 |   845
           D:9 |       0 |    4413 |   0.0 |       0 |      38 |   0.0 |  1525
          D:10 |       0 |    1328 |   0.0 |       0 |      18 |   0.0 |   520
         Sewer |       0 |     665 |   0.0 |       0 |      31 |   0.0 |   855
               +---------+---------+-------+---------+---------+-------+---------
